Map: Frozen Temple

Players

Gracz

  • Race: Protoss Protoss
  • League: Silver

Ramlosa - Winner!

  • Race: Terran Terran

VOD

Have the link to the VOD?

Description

Time

  • Played on: Oct. 29, 2016, 12:42 p.m.
  • Length: 17:47
Show
View Real Time Build Order
Export as new Build Order

Gracz Protoss 

Build Orders:  

Get SALT Encoding   

  12  0:02  Probe (Chrono Boost)  
  13  0:15  Pylon  
  13  0:18  Probe (Chrono Boost)  
  15  0:29  Assimilator  
  15  0:34  Probe (Chrono Boost)  
  15  0:48  Gateway  
  15  0:52  Gateway  
  15  0:57  Probe (Chrono Boost)  
  16  1:06  Pylon  
  16  1:08  Probe (Chrono Boost)  
  17  1:28  Assimilator, Probe (Chrono Boost)  
  18  1:33  Pylon  
  18  1:38  Probe (Chrono Boost)  
  19  1:40  Cybernetics Core  
  19  1:59  Probe (Chrono Boost)  
  20  2:07  Gateway  
  20  2:10  Probe (Chrono Boost)  
  20  2:15  Adept  
  21  2:16  Adept  
  21  2:22  Probe (Chrono Boost)  
  26  2:23  Warp Gate  
  26  2:44  Stargate  
  26  2:54  Stargate  
  26  3:16  Unknown, Nexus  
  26  3:24  Mothership Core (Chrono Boost)  
  29  3:49  Probe (Chrono Boost)  
  29  3:57  Robotics Facility  
  29  4:00  Robotics Facility  
  29  4:02  Probe (Chrono Boost)  
  30  4:09  Twilight Council  
  30  4:17  Gateway  
  30  4:27  Unknown  
  30  4:35  Probe (Chrono Boost)  
  30  4:36  Probe (Chrono Boost)  
  32  4:41  Pylon  
  32  4:45  Probe (Chrono Boost)  
  33  4:48  Probe (Chrono Boost)  
  34  4:54  Gateway  
  34  4:56  Probe (Chrono Boost)  
  35  5:01  Stargate  
  35  5:06  Probe (Chrono Boost)  
  37  5:07  Probe (Chrono Boost)  
  37  5:08  Assimilator  
  37  5:10  Stalker  
  35  5:18  Stalker  
  37  5:29  Pylon  
  37  5:31  Pylon  
  37  5:33  Probe (Chrono Boost)  
  37  5:34  Probe (Chrono Boost)  
  37  5:35  Stalker  
  41  5:41  Stalker  
  43  5:44  Sentry  
  45  6:01  Immortal  
  49  6:05  Stalker  
  49  6:06  Stalker  
  49  6:08  Probe (Chrono Boost)  
  49  6:09  Probe (Chrono Boost)  
  55  6:13  Stalker  
  57  6:21  Stalker  
  59  6:27  Immortal  
  59  6:30  Assimilator  
  63  6:41  Stalker  
  65  6:56  Unknown, Nexus  
  65  7:00  Probe (Chrono Boost)  
  67  7:02  Probe (Chrono Boost)  
  67  7:04  Blink  
  67  7:11  Probe (Chrono Boost)  
  67  7:14  Probe (Chrono Boost)  
  69  7:17  Protoss Air Weapons Level 1  
  69  7:26  Forge  
  69  7:35  Stalker x2  
  73  7:54  Fleet Beacon  
  73  8:02  Robotics Bay  
  73  8:07  Unknown  
  73  8:18  Probe x2 (Chrono Boost)  
  73  8:19  Probe (Chrono Boost)  
  76  8:31  Probe (Chrono Boost)  
  77  8:38  Protoss Ground Weapons Level 1, Pylon  
  77  8:45  Forge  
  77  8:47  Robotics Facility  
  77  8:50  Probe (Chrono Boost)  
  77  8:51  Probe (Chrono Boost)  
  77  8:52  Probe (Chrono Boost)  
  77  8:53  Stalker x3  
  86  9:01  Tempest  
  86  9:04  Tempest  
  94  9:14  Zealot x2  
  98  9:21  Disruptor  
  101  9:29  Pylon  
  101  9:35  Pylon  
  101  9:52  Zealot  
  101  9:53  Zealot x4  
  105  10:08  Tempest x2  
  105  10:13  Tempest  
  94  10:49  Zealot x3  
  100  10:50  Zealot x2  
  104  11:12  Disruptor  
  104  11:14  Immortal x2  
  115  11:21  Pylon  
  116  11:26  Pylon  
  116  11:27  Probe x2 (Chrono Boost)  
  116  11:31  Protoss Air Armor Level 1  
  116  11:32  Assimilator  
  117  11:35  Assimilator  
  117  11:38  Tempest  
  124  11:40  Probe (Chrono Boost)  
  124  11:41  Probe x2 (Chrono Boost)  
  124  11:42  Protoss Ground Weapons Level 2  
  124  11:43  Protoss Ground Armor Level 1  
  124  11:49  Observer  
  124  11:50  Probe (Chrono Boost)  
  126  11:58  Stalker x3  
  132  12:06  Pylon  
  132  12:08  Pylon  
  132  12:10  Pylon  
  132  12:24  Tempest  
  136  12:36  Zealot x2  
  140  12:37  Zealot x3  
  146  12:53  Tempest  
  146  13:00  Tempest  
  140  13:37  Stalker x5  
  150  13:43  Tempest  
  154  13:53  Pylon  
  154  14:00  Pylon  
  154  14:04  Pylon  
  154  14:05  Tempest  
  154  14:06  Unknown, Nexus  
  154  14:10  Pylon  
  154  14:11  Tempest  
  154  14:15  Assimilator  
  154  14:16  Pylon  
  162  14:17  Assimilator  
  95  14:39  Zealot x4  
  95  14:40  Zealot  
  60  15:09  Charge  
  56  15:18  Unknown  
  50  15:27  Stalker x4  
  49  15:32  Stalker  
  49  15:34  Tempest x2  
  51  15:52  Zealot x2  
Show
View Real Time Build Order
Export as new Build Order

Ramlosa Terran - Winner!

Build Orders: MMM Bio 

Get SALT Encoding   

  12  0:01  SCV  
  13  0:13  SCV  
  14  0:18  Supply Depot  
  14  0:25  SCV  
  15  0:40  SCV  
  15  0:42  Barracks  
  16  0:47  Refinery  
  16  0:52  SCV  
  17  1:04  SCV  
  18  1:16  SCV  
  19  1:28  SCV  
  19  1:29  Supply Depot  
  20  1:40  SCV  
  20  1:46  Refinery  
  21  1:48  Barracks Reactor  
  21  1:49  Barracks Tech Lab  
  21  2:05  Barracks  
  21  2:07  Orbital Command  
  21  2:12  Stimpack  
  21  2:19  Marine  
  22  2:35  Factory  
  22  2:38  SCV  
  23  2:46  Barracks  
  23  2:47  Marauder  
  23  2:50  SCV  
  26  2:59  Barracks Reactor  
  26  3:02  SCV  
  27  3:08  Marauder  
  29  3:27  Unknown, Command Center  
  29  3:37  Factory Tech Lab  
  29  3:38  Barracks Reactor  
  29  3:45  Marauder  
  31  3:51  Supply Depot  
  31  4:11  Starport  
  31  4:13  Combat Shields, Marine x2, Marauder  
  35  4:19  Supply Depot  
  35  4:20  SCV  
  36  4:25  Marine x2  
  36  4:30  Marine  
  39  4:39  Marine, Unknown, SCV, Orbital Command  
  39  4:43  Supply Depot  
  39  4:44  Marine x2  
  43  4:49  Marauder  
  43  4:51  SCV  
  46  4:55  Starport Reactor  
  46  5:05  Orbital Command  
  45  5:24  Supply Depot, Engineering Bay  
  45  5:25  SCV  
  46  5:32  Concussive Shells, SCV  
  47  5:38  SCV  
  47  5:40  Marine x2  
  47  5:41  Medivac  
  52  5:43  Medivac  
  52  5:44  SCV  
  55  5:50  SCV  
  55  5:56  Supply Depot, SCV  
  57  6:02  Siege Tank, SCV  
  61  6:05  Marauder  
  61  6:08  SCV  
  64  6:19  Refinery x2  
  64  6:20  SCV x2  
  66  6:26  Marauder  
  66  6:28  Medivac  
  66  6:31  Marine  
  66  6:32  Marine  
  72  6:48  SCV  
  72  6:49  SCV  
  74  6:55  Terran Infantry Weapons Level 1  
  74  6:56  Armory  
  74  6:58  Supply Depot  
  74  7:01  Marine x2, SCV  
  75  7:02  Marine x2  
  79  7:09  Liberator  
  79  7:10  Liberator  
  79  7:13  SCV  
  80  7:19  Marine x2  
  80  7:21  Supply Depot, Siege Tank, Marauder  
  93  7:32  Marine  
  94  7:43  Marine x2, Marauder  
  98  7:48  Barracks  
  100  8:27  Marine x2, Marauder  
  102  8:38  Barracks Tech Lab  
  102  8:45  Barracks  
  102  8:48  Supply Depot  
  102  8:49  Terran Infantry Armor Level 1  
  102  8:51  Supply Depot  
  102  9:03  Barracks  
  102  9:07  Unknown, Command Center  
  102  9:10  Marine x4, SCV, Marauder  
  102  9:13  Medivac x2  
  113  9:22  Marine  
  113  9:24  Terran Vehicle Weapons Level 1  
  114  9:28  Marine x2  
  116  9:32  Marauder  
  118  9:50  Supply Depot  
  118  9:52  Supply Depot  
  118  10:12  Marine x6, Marauder  
  118  10:14  Marine, Supply Depot  
  126  10:16  Supply Depot  
  126  10:18  Unknown  
  115  10:30  Marine x6  
  115  10:32  Marine  
  115  10:33  Marine  
  101  10:43  Terran Infantry Weapons Level 2  
  101  10:45  Orbital Command  
  101  10:47  Marine x6  
  101  10:49  Marine  
  107  10:51  Marine  
  109  11:05  Marine x2  
  109  11:07  Starport  
  109  11:09  Marauder  
  113  11:14  Marauder, Orbital Command  
  113  11:15  Marine x2  
  117  11:33  Marine x2  
  117  11:35  Barracks Tech Lab, Barracks Reactor  
  117  11:36  Marauder  
  117  11:39  Viking x2  
  125  11:50  Marine  
  126  11:54  SCV  
  126  11:57  Marauder  
  129  12:02  Marine x4  
  129  12:03  Refinery, Marauder  
  129  12:06  SCV  
  136  12:08  Marine  
  136  12:09  Starport Reactor, Viking x2  
  136  12:14  Supply Depot  
  141  12:18  Marauder  
  141  12:19  Marine  
  141  12:20  Marine  
  145  12:26  Marine  
  145  12:27  Marine x3  
  145  12:28  Marine  
  150  12:37  Marine x2, Supply Depot  
  150  12:39  Viking x2  
  150  12:40  Marauder  
  150  12:43  Sensor Tower  
  158  12:45  Marine x3, Marauder  
  158  12:46  Marauder  
  165  12:58  Terran Infantry Armor Level 2  
  165  13:00  Supply Depot  
  165  13:01  Marauder  
  165  13:03  Viking x2  
  171  13:07  Marauder x2  
  152  13:42  Marine  
  152  13:43  Marine x8  
  158  14:00  Marine  
  158  14:01  Marine x8  
  165  14:18  Marine  
  165  14:19  Marine x8  
  159  14:36  Marine x5  
  159  14:37  Marine x4  
  152  14:54  Marine x9  
  156  15:12  Marine x6  
  156  15:13  Marauder x3  
  163  15:29  Marine  
  163  15:30  Marine x5  
  163  15:34  Marine x3  
  172  15:47  Marine  
  172  15:48  Marine x5  
  178  15:51  Marine x3  
  181  16:05  Marine x3, SCV  
  181  16:06  Marine x3  
  181  16:09  Marine  
  189  16:18  Orbital Command  
  189  16:22  Refinery  
  189  16:58  Marine x2  
  189  17:03  Marine  
  189  17:05  Marine  
  189  17:08  Marine x2  
  189  17:09  Marine, SCV  
  189  17:21  Marine x2  
  189  17:27  Marine x3  
Tags
 
Add a new tag
Caveats
  • Supply blocks, unpowered buildings, or Contaminate may cause inaccurate times.
  • Supply counts are checked every 10 seconds.